 Dungeon Crawl Stone Soup version 0.32-a0-485-g70f7560b1c (webtiles) character file.

Game seed: 3063436751501886373

2733227 Rudyous the Slayer (level 27, 268/268 HPs)
             Began as a Pale Draconian Ice Elementalist on Feb 25, 2024.
             Was the Champion of Vehumet.
             Escaped with the Orb
             ... and 5 runes on Feb 26, 2024!
             The game lasted 05:13:33 (87647 turns).

Rudyous the Slayer (DrIE)                          Turns: 87647, Time: 05:13:34

Health: 268/268    AC: 18    Str: 13    XL:     27
Magic:  49/59      EV: 19    Int: 48    God:    Vehumet [******]
Gold:   1324       SH:  0    Dex: 13    Spells: 10/72 levels left

rFire   + + +        W - +6 morningstar of Defiance {elec, +Blink Will+ MP+9}
rCold   + + .        (no shield)
rNeg    + + .        (body armour unavailable)
rPois   +            B - -2 hat of the Alchemist {rElec rPois rF+ rC+ rN+ Will+ rMut rCorr}
rElec   +            C - +2 cloak "Moxtoh" {*Slow Regen+ Int+7 Dex+2}
rCorr   +            s - +2 pair of gloves "Laroketa" {Stlth+}
SInv    +            A - +0 pair of boots "Lymued" {rPois rC+ Int+3}
Will    ++++.        n - amulet of magic regeneration
Stlth   +            F - ring of Sisuk {rN+ Str+2 Int+6}
HPRegen 1.44/turn    M - ring "Tavoppib" {rF++ SInv}
MPRegen 0.76/turn

%: random rage (9%), slow self (1%), resist mutation
@: hasted, studying 3 skills, very quick
A: breathe steam, AC +13, unfitting armour, cold-blooded, steam resistance,
horns 1, berserk 2, clever 1
0: Orb of Zot
}: 5/15 runes: barnacled, slimy, silver, abyssal, gossamer
a: Breathe Steam, Renounce Religion, Evoke Blink


You escaped.
You worshipped Vehumet.
Vehumet was exalted by your worship.
You visited 12 branches of the dungeon, and saw 56 of its levels.
You visited the Abyss 2 times.
You visited 2 bazaars.
You visited 1 ziggurat, and saw 8 of its levels.
You also visited: Sewer.

You collected 8055 gold pieces.
You spent 6731 gold pieces at shops.

Inventory:

Hand Weapons
 t - the +6 trident of Prudence {vamp, rF+ Str+2 Int+3, !a}
   (You found it on level 4 of the Dungeon)

   Str+2:     It affects your strength (+2).
   Int+3:     It affects your intelligence (+3).
   rF+:       It protects you from fire.
 W - the +6 morningstar of Defiance (weapon) {elec, +Blink Will+ MP+9}
   (You found it on level 2 of a ziggurat)

   Will+:     It increases your willpower.
   MP+9:      It affects your magic capacity (+9).
   +Blink:    It lets you blink.
 Y - the +4 rapier "Iharhax" {freeze, rC+ Will+ Str-2 Int+2, !a}
   (You found it on level 4 of the Shoals)

   Str-2:     It affects your strength (-2).
   Int+2:     It affects your intelligence (+2).
   rC+:       It protects you from cold.
   Will+:     It increases your willpower.
Missiles
 Q - 10 throwing nets
Armour
 k - a scarf of resistance
 s - the +2 pair of gloves "Laroketa" (worn) {Stlth+}
   (You found it on level 3 of the Elven Halls)

   Stlth+:    It makes you more stealthy.
 A - the +0 pair of boots "Lymued" (worn) {rPois rC+ Int+3}
   (You bought it in a shop on level 3 of the Vaults)

   Int+3:     It affects your intelligence (+3).
   rC+:       It protects you from cold.
   rPois:     It protects you from poison
 B - the -2 hat of the Alchemist (worn) {rElec rPois rF+ rC+ rN+ Will+ rMut rCorr}
   (You found it on level 4 of the Shoals)

   rF+:       It protects you from fire.
   rC+:       It protects you from cold.
   rElec:     It insulates you from electricity.
   rPois:     It protects you from poison rN+: It protects you from negative
   energy.
   Will+:     It increases your willpower.
   rCorr:     It protects you from acid and corrosion.
   rMut:      It protects you from mutation.
 C - the +2 cloak "Moxtoh" (worn) {*Slow Regen+ Int+7 Dex+2}
   (You found it on level 2 of the Vaults)

   Int+7:     It affects your intelligence (+7).
   Dex+2:     It affects your dexterity (+2).
   Regen+:    It increases your rate of health regeneration.
   *Slow:     It may slow you when you take damage.
 I - an orb of mayhem
Jewellery
 i - a ring of magical power
 n - an amulet of magic regeneration (around neck)
 F - the ring of Sisuk (left hand) {rN+ Str+2 Int+6}
   (You found it on level 7 of a ziggurat)

   [ring of intelligence]

   Str+2:     It affects your strength (+2).
   Int+6:     It affects your intelligence (+6).
   rN+:       It protects you from negative energy.
 G - the ring "Bakanac" {rCorr Str+4 Int+6}
   (You found it on level 3 of the Crypt)

   [ring of intelligence]

   Str+4:     It affects your strength (+4).
   Int+6:     It affects your intelligence (+6).
   rCorr:     It protects you from acid and corrosion.
 M - the ring "Tavoppib" (right hand) {rF++ SInv}
   (You took it off a vault guard on level 5 of the Vaults)

   [ring of see invisible]

   rF++:      It greatly protects you from fire.
   SInv:      It lets you see invisible.
 N - the ring of Zialuonn {rElec rC- Dex+3 SInv}
   (You took it off a deep elf high priest on level 3 of the Elven Halls)

   [ring of see invisible]

   Dex+3:     It affects your dexterity (+3).
   rC-:       It makes you vulnerable to cold.
   rElec:     It insulates you from electricity.
   SInv:      It lets you see invisible.
 P - a +6 ring of intelligence
 Z - the ring "Ythroczot" {Fly rF++ rCorr Int+6 Dex-2}
   (You found it on level 4 of the Shoals)

   [ring of intelligence]

   Int+6:     It affects your intelligence (+6).
   Dex-2:     It affects your dexterity (-2).
   rF++:      It greatly protects you from fire.
   Fly:       It grants you flight.
   rCorr:     It protects you from acid and corrosion.
Talismans
 g - a dragon-blood talisman
Wands
 e - a wand of charming (55)
 w - a wand of acid (41)
 y - a wand of iceblast (70)
 J - a wand of polymorph (40)
 R - a wand of digging (18)
Scrolls
 b - 3 scrolls of butterflies
 f - 5 scrolls of fog
 o - 14 scrolls of noise
 q - 10 scrolls of enchant armour
 v - 12 scrolls of teleportation
 D - 5 scrolls of blinking
 H - 9 scrolls of fear
 L - 9 scrolls of poison
 O - 6 scrolls of amnesia
 T - a scroll of brand weapon
 U - 11 scrolls of immolation
 V - 14 scrolls of enchant weapon
Potions
 a - 8 potions of magic
 h - 34 potions of curing
 j - 6 potions of cancellation
 l - 24 potions of heal wounds
 m - 13 potions of resistance
 p - 6 potions of haste
 r - 2 potions of mutation
 u - 9 potions of lignification
 x - 13 potions of attraction
 E - 17 potions of might
 K - 14 potions of ambrosia
 S - 6 potions of invisibility
 X - 9 potions of brilliance
Miscellaneous
 c - a phial of floods
 d - a lightning rod (4/4)
 z - a box of beasts


   Skills:
 + Level 25.7 Fighting
 - Level 15.0 Dodging
 - Level 1.7 Stealth
 + Level 23.4 Spellcasting
 - Level 20.0 Conjurations
 - Level 8.0 Necromancy
 - Level 20.0 Fire Magic
 - Level 6.0 Ice Magic
 - Level 14.0 Air Magic
 - Level 20.0 Earth Magic
 - Level 5.2 Shapeshifting


You had 10 spell levels left.
You knew the following spells:

 Your Spells              Type           Power      Damage    Failure   Level
a - Maxwell's Capacitive  Air            56%        ∞         1%          8
b - Lehudib's Crystal Sp  Conj/Erth      64%        10d15     1%          8
c - Fire Storm            Conj/Fire      64%        8d16      1%          9
d - Ignition              Fire           64%        3d17      1%          8
e - Starburst             Conj/Fire      64%        6d17      0%          6
f - Plasma Beam           Fire/Air       60%        2x1d76    1%          6
g - Shatter               Erth           64%        3d47*     1%          9
h - Bombard               Conj/Erth      64%        9d10      0%          6
i - Sublimation of Blood  Necr           93%        N/A       0%          2

Your spell library contained the following spells:

 Spells                   Type           Power      Damage    Failure   Level
 Foxfire                  Conj/Fire      100%       2x1d9     0%          1
 Freeze                   Ice            100%       1d10      0%          1
 Kiss of Death            Conj/Necr      100%       2d13      0%          1
 Magic Dart               Conj           100%       1d8       0%          1
 Necrotise                Necr           100%       1d9       0%          1
 Sandblast                Erth           100%       2d20      0%          1
 Sting                    Conj/Alch      100%       1d9       0%          1
 Mercury Vapours          Alch/Air       100%       N/A       0%          2
 Momentum Strike          Conj/Tloc      100%       3d10      0%          2
 Scorch                   Fire           100%       2d9       0%          2
 Searing Ray              Conj           100%       2d8       0%          2
 Dazzling Flash           Conj/Hex       100%       N/A       0%          3
 Hailstorm                Conj/Ice       100%       3d16      0%          3
 Inner Flame              Hex/Fire       100%       N/A       0%          3
 Mephitic Cloud           Conj/Alch/Air  100%       N/A       0%          3
 Passwall                 Erth           100%       N/A       0%          3
 Stone Arrow              Conj/Erth      100%       3d13      0%          3
 Swiftness                Air            100%       N/A       0%          3
 Volatile Blastmotes      Fire/Tloc      100%       2d18      0%          3
 Airstrike                Air            56%        2d(9-25)  0%          4
 Brom's Barrelling Bould  Conj/Erth      100%       2d11      0%          4
 Flame Wave               Conj/Fire      100%       2d21      0%          4
 Arcjolt                  Conj/Air       60%        1d70      0%          5
 Fireball                 Conj/Fire      64%        3d24      0%          5
 Iskenderun's Battlesphe  Conj           100%       2d15      0%          5
 Apportation              Tloc           100%       N/A       1%          1
 Slow                     Hex            100%       N/A       1%          1
 Summon Small Mammal      Summ           100%       N/A       1%          1
 Blink                    Tloc           100%       N/A       1%          2
 Cigotuvi's Dreadful Rot  Necr/Alch/Air  100%       N/A       1%          2
 Ensorcelled Hibernation  Hex/Ice        100%       N/A       1%          2
 Jinxbite                 Hex            100%       N/A       1%          2
 Lesser Beckoning         Tloc           100%       N/A       1%          2
 Call Canine Familiar     Summ           54%        N/A       1%          3
 Confusing Touch          Hex            54%        N/A       1%          3
 Frozen Ramparts          Ice            100%       1d16      1%          3
 Fugue of the Fallen      Necr           93%        N/A       1%          3
 Gell's Gravitas          Tloc           54%        N/A       1%          3
 Ozocubu's Armour         Ice            85%        N/A       1%          3
 Sigil of Binding         Hex            54%        N/A       1%          3
 Summon Ice Beast         Ice/Summ       71%        N/A       1%          3
 Teleport Other           Tloc           54%        N/A       1%          3
 Tukima's Dance           Hex            54%        N/A       1%          3
 Vampiric Draining        Necr           93%        2d12      1%          3
 Anguish                  Hex/Necr       38%        N/A       1%          4
 Animate Dead             Necr           93%        N/A       1%          4
 Dispel Undead            Necr           93%        3d29      1%          4
 Fulminant Prism          Conj/Alch      50%        3d22      1%          4
 Ignite Poison            Fire/Alch      100%       N/A       1%          4
 Iskenderun's Mystic Bla  Conj/Tloc      100%       2d19      1%          4
 Martyr's Knell           Necr/Summ      76%        N/A       1%          4
 Olgreb's Toxic Radiance  Alch           54%        N/A       1%          4
 Petrify                  Alch/Erth      100%       N/A       1%          4
 Sticky Flame             Fire/Alch      100%       2d15      1%          4
 Summon Blazeheart Golem  Fire/Summ      100%       N/A       1%          4
 Vhi's Electric Charge    Tloc/Air       100%       N/A       1%          4
 Curse of Agony           Necr           93%        N/A       1%          5
 Freezing Cloud           Conj/Ice/Air   55%        6-21      1%          5
 Irradiate                Conj/Alch      50%        3d28      1%          5
 Silence                  Hex/Air        44%        N/A       1%          5
 Yara's Violent Unravell  Hex/Alch       27%        3d12      1%          5
 Conjure Ball Lightning   Conj/Air       60%        3x3d22    1%          6
 Orb of Destruction       Conj           64%        9d15      1%          7
 Spellforged Servitor     Conj/Summ      50%        N/A       1%          7
 Dimensional Bullseye     Hex/Tloc       27%        N/A       2%          4
 Manifold Assault         Tloc           54%        N/A       2%          4
 Passage of Golubria      Tloc           54%        N/A       2%          4
 Ozocubu's Refrigeration  Ice            42%        4d16      5%          7
 Alistair's Intoxication  Alch           36%        N/A       7%          5
 Summon Mana Viper        Hex/Summ       54%        N/A       7%          5
 Sculpt Simulacrum        Ice/Alch       35%        N/A       12%         6
 Dispersal                Tloc           27%        N/A       36%         6
 Summon Cactus Giant      Summ           27%        N/A       36%         6
 Haunt                    Necr/Summ      38%        N/A       38%         7
 Borgnjor's Revivificati  Necr           46%        N/A       54%         8
 Infestation              Necr           46%        N/A       54%         8
 Enfeeble                 Hex            27%        N/A       91%         7
 Malign Gateway           Summ/Tloc      27%        N/A       91%         7
 Monstrous Menagerie      Summ           27%        N/A       91%         7
 Discord                  Hex            27%        N/A       100%        8
 Disjunction              Tloc           27%        N/A       100%        8
 Death's Door             Necr           46%        N/A       100%        9
 Dragon's Call            Summ           27%        N/A       100%        9
 Animate Armour           Summ/Erth      Unusable   N/A       N/A         4

Dungeon Overview and Level Annotations

Branches:
Dungeon (15/15)            Temple (1/1) D:6            Lair (5/5) D:11
 Shoals (4/4) Lair:2       Spider (4/4) Lair:3        Slime (5/5) Lair:4
    Orc (2/2) D:9             Elf (3/3) Orc:2        Vaults (5/5) D:14
  Crypt (3/3) Vaults:2       Tomb (0/3) Crypt:3      Depths (4/4) D:15
    Zot (5/5) Depths:4      Sewer (visited)

Altars:
Ashenzari
Cheibriados
Dithmenos
Elyvilon
Fedhas
Gozag
Hepliaklqana
Kikubaaqudgha
Makhleb
Nemelex Xobeh
Okawaru
Qazlal
Ru
Sif Muna
Trog
Uskayaw
Vehumet
Wu Jian
Xom
Yredelemnul
Zin
The Shining One
Beogh
Jiyva

Shops:
D:4 !   D:8 *   D:11 ?   D:12 *   Orc:1 =   Orc:2 *!***   Elf:3 (=?
Vaults:3 [:=[   Vaults:4 ?   Depths:2 *

Portals:
Hell: Depths:1 Depths:2 Depths:3 Depths:4
Abyss: Depths:3
Pandemonium: Depths:1 Depths:2
Trove: D:13 (give +5 demon whip)

Annotations:
Elf:2 3 runed translucent doors


Innate Abilities, Weirdness & Mutations

You can breathe blasts of scalding, opaque steam.
Your pale cyan-grey scales are hard. (AC +13)
You cannot fit into any form of body armour.
You are cold-blooded and may be slowed by cold attacks.
You are immune to the effects of steam.
You have a pair of small horns on your head.
You have an uncontrollable temper.
Your mind is acute. (Int +4, Str/Dex -1)


Message History

Casting: Fire Storm (mildly dangerous; 1% risk of failure)
Confirm with . or Enter, or press ? or * to list all spells.
Aiming: Fire Storm (mildly dangerous; 1% risk of failure)
Press: ? - help, Dir - move target, f - sixfirhy
Aim: a sixfirhy A raging storm of fire appears!
The great blast of fire engulfs the sixfirhy!!!
You kill the sixfirhy!
Vehumet accepts your kill.
You feel your power returning.
You hear a grinding noise.
You now have 51/59 mp.
Unknown command.
Unknown command.
You start resting.
A cacodemon comes into view.
You regained 2 mp, and now have 53/59 mp.
Unknown command.
Casting: Fire Storm (mildly dangerous; 1% risk of failure)
Confirm with . or Enter, or press ? or * to list all spells.
You begin accumulating electric charge. (Press . to continue charging.)
You feel charge building up...
The cacodemon is engulfed in blazing flames.
You now have 45/59 mp.
You feel charge building up...
You feel charge building up...
You feel charge building up...
The cacodemon is engulfed in a cloud of scalding steam.
You feel charge building up...
Your fire vortex hits the cacodemon.
Your fire vortex burns the cacodemon!
Your fire vortex dissipates!
The electricity discharges through the cacodemon!!!
The cacodemon vaporises in an electric haze!
You kill the cacodemon!
Vehumet accepts your kill.
You feel your power returning.
You regained 2 mp, and now have 49/59 mp.
Unknown command.
You have escaped!

#####..............#
##...#######.##.# ####.....###
#.##.## ...........####.##..##
##.......#.#.........##
##..#..†##...≈≈≈≈≈≈≈..##########
.......###..≈≈...♣.≈≈..........#
##.######..≈≈..♣....≈≈..######.#
##........≈≈..ß.@..♣.≈≈.# #.#
#########.≈........ߧ.≈.# ###.# #
#.≈........§§§≈.# #...# #
#.≈≈...vv..○§§≈.####.### #
#..≈≈..ß..§§§§.........#
##..≈≈♣....≈≈...#.##.#.#
##########..≈≈≈.v≈≈.....#.#.#.#
##...†....................##.#.#
...########...........#..###.#.#


You could see 3 friendly fire vortices.

Vanquished Creatures
  the Royal Jelly (Slime:5)
  A pandemonium lord (Zot:4)
  6 dread liches
  4 ancient liches
  4 orbs of fire (Zot:5)
  Mennas (Vaults:5)
  A juggernaut (Depths:3)
  Mara (Vaults:3)
  Boris (Crypt:3)
  A royal mummy (Zig:7)
  Saint Roka (Orc:2)
  6 Killer Klowns (Zot:5)
  3 curse toes
  2 caustic shrikes (Depths:3)
  Nikola (Spider:3)
  6 golden dragons
  A profane servitor (Depths:4)
  2 electric golems (Zot:5)
  Norris (Vaults:1)
  A Tzitzimitl (Zig:8)
  3 doom hounds (Zot:2)
  The ghost of DimondSprtn the Warrior, an adept CoWr of the Shining One (Vaults:2)
  Jorgrun (D:14)
  2 bone dragons
  A Hell Sentinel (Zot:4)
  4 hellephants
  3 Ice Fiends
  Asterion (Vaults:1)
  Rupert (Orc:2)
  21 tentacled monstrosities
  25 Orb Guardians
  6 liches
  2 deep elf master archers (Elf:3)
  Grunn (Zot:2)
  A deep elf blademaster (Elf:3)
  A walking frostbound tome (Depths:3)
  A walking earthen tome (Depths:3)
  5 titans
  5 quicksilver dragons
  33 acid blobs
  An Executioner (Abyss:4)
  15 death cobs
  4 tentacled starspawn
  Frances (D:14)
  3 krakens
  4 ancient champions
  10 sphinxes
  Kirke (D:14)
  11 shadow dragons
  2 tengu reavers (Vaults:5)
  18 storm dragons
  Donald (Vaults:2)
  5 revenants
  14 rockslimes
  12 azure jellies
  Aizul (Elf:3)
  A protean progenitor (Zot:1)
  An iron dragon (Vaults:5)
  A draconian knight (Zot:1)
  4 frost giants
  17 vault wardens
  8 deep elf elementalists
  5 fire giants
  10 deep elf sorcerers
  7 emperor scorpions (Spider:4)
  6 draconian shifters
  4 draconian scorchers
  The ghost of Xuahaunu the Gelid, an adept MfIE of Vehumet (Elf:3)
  A draconian monk (Zot:2)
  A balrug (Zot:4)
  3 ghost moths
  Louise (D:15)
  A curse skull (Crypt:2)
  11 ghouls
  4 cacodemons
  7 draconian stormcallers
  3 orc warlords
  The ghost of Debricw the Warrior, a journeyman BaIE of Cheibriados (Lair:5)
  16 ironbound preservers
  A demonspawn blood saint (D:7)
  17 quicksilver oozes
  A reaper (Zot:4)
  2 formless jellyfish
  2 spriggan defenders (Depths:3)
  15 stone giants
  A juggernaut skeleton (Crypt:3)
  6 vampire knights
  10 ironbound thunderhulks
  A draconian annihilator (Depths:4)
  8 black draconians
  18 very ugly things
  3 broodmothers
  The ghost of Tollund the Nimble, a journeyman GnHs of Hepliaklqana (Lair:3)
  5 war gargoyles
  7 green draconians
  6 deep elf demonologists
  10 red draconians
  2 lorocyprocas
  8 deep elf death magi
  4 purple draconians
  4 yellow draconians (Zot:2)
  8 spark wasps
  10 deep elf annihilators
  12 dire elephants
  6 white draconians
  Azrael (D:14)
  A green death (Depths:1)
  2 eidola
  13 crystal guardians
  8 ettins
  2 blizzard demons
  10 merfolk impalers
  6 merfolk javelineers
  An elf zombie (Crypt:1)
  Josephine (D:15)
  19 yaktaur captains
  5 rakshasas
  A shambling mangrove (Zig:2)
  7 fire dragons
  5 jiangshi
  2 mummy priests
  8 entropy weavers
  Harold (Lair:1)
  8 deep elf high priests
  35 vault guards
  3 catoblepae (Lair:5)
  3 peacekeepers
  8 great orbs of eyes
  9 hydras
  10 ice dragons
  5 spriggan air magi
  2 ghost crabs
  A sphinx zombie (Depths:1)
  A jorogumo (Spider:2)
  11 ironbound frosthearts
  Erolcha (Orc:2)
  The ghost of Hyahelamn the Slicer, a journeyman VSBr of Sif Muna (D:12)
  A radroach (Spider:1)
  8 centaur warriors
  5 death knights
  18 dancing weapons
  2 ogre magi (Vaults:5)
  A spriggan skeleton (Abyss:4)
  14 death yaks
  10 merfolk aquamancers
  5 merfolk avatars
  A two-headed ogre (shapeshifter) (Depths:1)
  7 two-headed ogres
  5 deep troll earth magi
  18 tengu warriors
  10 boulder beetles
  4 thrashing horrors
  A satyr (Shoals:3)
  A sphinx skeleton (Zig:5)
  7 deep troll shamans
  2 vampire magi
  2 death scarabs (Zig:7)
  7 demonic crawlers
  4 spriggan berserkers
  9 hell hogs
  4 hell knights
  2 sun demons (Zot:4)
  Nergalle (Lair:1)
  An occultist (D:15)
  19 deep elf knights
  An emperor scorpion zombie (Crypt:3)
  2 soul eaters
  5 orc high priests (Orc:2)
  3 wretched stars
  Sonja (D:12)
  A fire crab (shapeshifter) (Vaults:5)
  A death drake (Abyss:4)
  5 sixfirhies
  13 sea snakes
  33 deep trolls
  6 pharaoh ants
  10 skysharks
  A storm dragon skeleton (Crypt:2)
  A spatial maelstrom (Abyss:4)
  An iron giant zombie (Crypt:1)
  14 skeletal warriors
  Lodul (D:13)
  8 iron trolls
  A salamander mystic (Depths:4)
  A cherub (Depths:4)
  3 sun moths (Spider:3)
  4 arcanists
  6 thermic dynamos (Elf:3)
  12 orb spiders
  An obsidian statue (Zot:5)
  An orange crystal statue (Depths:1)
  4 glowing orange brains
  2 shadow demons
  A swamp dragon (Zig:2)
  32 harpies
  7 phantasmal warriors
  2 flayed ghosts
  A lindwurm (shapeshifter) (Vaults:5)
  6 bog bodies (Crypt:1)
  15 ironbound convokers
  10 deep elf archers
  5 steelbarb worms
  5 necromancers
  15 orc knights
  27 deep elf zephyrmancers
  7 starcursed masses
  26 deep elf pyromancers
  26 wolf spiders
  18 lindwurms
  4 orc sorcerers
  12 large abominations
  2 fire giant zombies
  A shadow dragon skeleton (Depths:1)
  7 fauns
  A centaur zombie (Crypt:1)
  7 merfolk sirens
  13 cyclopes
  A frost giant zombie (Crypt:2)
  7 shining eyes
  4 salamanders
  3 will-o-the-wisps (Abyss:4)
  A tengu skeleton (Zig:7)
  15 manticores
  23 ugly things
  A stone giant zombie (Depths:1)
  4 worldbinders
  A salamander (shapeshifter) (Elf:3)
  33 moths of wrath
  11 water nymphs
  6 meliai
  9 elephants
  A stone giant skeleton (Crypt:1)
  A frost giant skeleton (Crypt:2)
  20 vault sentinels
  4 black mambas
  5 eyes of devastation
  3 gargoyles
  6 torpor snails
  2 orange demons
  15 cane toads
  2 centaur skeletons (Crypt:1)
  A torpor snail (shapeshifter) (Vaults:5)
  A smoke demon (Abyss:2)
  A hellion (Zot:5)
  A kobold demonologist (D:13)
  9 komodo dragons
  A white draconian zombie (Crypt:2)
  Jeremiah (D:8)
  4 rime drakes
  7 freezing wraiths
  20 yaktaurs
  An efreet (Abyss:4)
  15 guardian mummies
  2 naga skeletons (Crypt:1)
  2 tormentors
  A steelbarb worm zombie (Crypt:1)
  A golden dragon simulacrum (Depths:1)
  2 ancient zymes (Abyss:2)
  7 tengu conjurers
  A queen bee (D:10)
  An iron troll skeleton (Crypt:3)
  10 trolls
  A red devil (Abyss:2)
  24 merfolk
  A wind drake (shapeshifter) (D:15)
  A hydra zombie (Crypt:3)
  8 wind drakes
  7 hornets
  5 tyrant leeches (Spider:2)
  5 polar bears
  A harpy skeleton (Crypt:3)
  21 tarantellas
  9 dream sheep
  10 glass eyes
  A hydra skeleton (Crypt:3)
  6 raiju
  A blink frog (shapeshifter) (Depths:3)
  13 blink frogs
  8 snapping turtles
  131 slime creatures
  11 wraiths
  3 air elementals
  42 jumping spiders
  A centaur simulacrum (Crypt:1)
  7 spriggans
  26 culicivoras
  A black mamba skeleton (Crypt:1)
  A tyrant leech zombie (Crypt:3)
  2 ushabtiu
  2 ynoxinuls
  4 vampires
  24 water elementals
  5 shadows
  3 basilisks
  5 fire elementals
  7 golden eyes
  3 wargs
  A wyvern (Lair:3)
  79 yaks
  2 hogs (D:14)
  A human (D:13)
  2 chaos spawn
  14 vampire mosquitoes
  81 redbacks
  3 neqoxecs
  3 spatial vortices (Abyss:4)
  A fire bat skeleton (Crypt:3)
  13 water moccasins
  2 hell hounds
  A water nymph skeleton (Crypt:2)
  42 orc warriors
  2 sky beasts
  Pargi (Sewer)
  6 ice beasts
  A manticore zombie (Crypt:3)
  An ettin simulacrum (Depths:1)
  13 ogres
  2 black bears
  7 boggarts
  30 laughing skulls
  4 wolves
  21 centaurs
  7 weeping skulls (Abyss:4)
  5 phantoms
  3 kobold brigands
  16 bullfrogs
  3 gnoll sergeants
  2 brain worms
  3 scorpions
  3 earth elementals
  33 small abominations
  A yaktaur zombie (Crypt:1)
  11 wights
  A wyvern skeleton (Crypt:3)
  2 spriggan zombies
  34 killer bees
  A troll zombie (D:9)
  5 electric eels
  7 howler monkeys
  2 quasits
  A hound (shapeshifter) (Vaults:5)
  A bullfrog skeleton (Crypt:1)
  33 orc priests
  5 hounds
  8 jellies
  3 iguanas
  2 sleepcaps
  16 orc wizards
  A scorpion zombie (Crypt:2)
  A crocodile zombie (Crypt:3)
  5 ogre zombies (D:9)
  A brain worm zombie (Crypt:3)
  12 mummies
  A howler monkey skeleton (Crypt:3)
  13 gnolls
  6 adders
  A river rat (D:5)
  A steam dragon zombie (Crypt:1)
  A steam dragon skeleton (Crypt:2)
  2 white imps (Abyss:2)
  An ufetubus (Abyss:2)
  An iguana skeleton (Crypt:3)
  A dart slug (D:4)
  3 ribbon worms
  90 orcs
  7 ball pythons
  8 endoplasms
  3 giant cockroaches
  A gnoll zombie (D:9)
  13 goblins
  15 hobgoblins
  2 jackals (D:2)
  28 kobolds
  7 quokkas
  7 bats
  8 frilled lizards
  A giant cockroach zombie (Crypt:1)
  5 orc skeletons (D:9)
  13 orc zombies (D:9)
  24 rats
  An aspiring flesh (Zot:1)
  A lurking horror (Abyss:2)
  6 starspawn tentacles (Abyss:2)
  9 tentacles
2808 creatures vanquished.

Vanquished Creatures (collateral kills)
  2 Orb Guardians (Zot:5)
  A shadow dragon (Zot:5)
  A spark wasp (Depths:3)
  A white draconian (Zot:3)
  A spatial maelstrom (Abyss:4)
  A spatial vortex (Abyss:4)
  An aspiring flesh (Zot:1)
  2 foxfires (D:9)
10 creatures vanquished.

Vanquished Creatures (others)
  A necromancer (Depths:1)
  3 slime creatures (D:14)
  A golden eye (Abyss:4)
  A small abomination (Abyss:3)
  An orc wizard (D:4)
  An ufetubus (Abyss:3)
  A butterfly (Depths:3)
  100 fire vortices
  297 foxfires
  2 starspawn tentacles (Abyss:4)
  14 tentacles
422 creatures vanquished.

Grand Total: 3240 creatures vanquished

Notes
Turn   | Place    | Note
-------+----------+-------------------------------------------
     0 | D:1      | Rudyous the Draconian Ice Elementalist began the quest for
                  | the Orb.
     0 | D:1      | Reached XP level 1. HP: 14/14 MP: 3/3
   302 | D:1      | Reached XP level 2. HP: 22/22 MP: 5/5
   556 | D:1      | Reached skill level 1 in Fighting
  1066 | D:2      | Reached XP level 3. HP: 28/28 MP: 3/6
  1671 | D:2      | Found a shimmering altar of Xom.
  1992 | D:2      | Learned a level 3 spell: Frozen Ramparts
  2024 | D:3      | Reached skill level 1 in Fire Magic
  2024 | D:3      | Reached XP level 4. HP: 28/36 MP: 0/7
  2258 | D:3      | Found a faded altar of an unknown god.
  2524 | D:3      | Found a glowing silver altar of Zin.
  2709 | D:4      | Noticed an ogre
  2714 | D:4      | Killed an ogre
  2715 | D:4      | Reached skill level 2 in Fighting
  2715 | D:4      | Reached XP level 5. HP: 41/41 MP: 0/9
  2804 | D:4      | Found Archanoh's Distillery.
  3288 | D:4      | Reached XP level 6. HP: 50/50 MP: 10/10
  3357 | D:4      | Learned a level 1 spell: Foxfire
  3768 | D:4      | Reached skill level 5 in Ice Magic
  4079 | D:4      | Identified the +6 trident of Prudence {vamp, rF+ Str+2
                  | Int+3}
  4106 | D:4      | Reached skill level 3 in Fighting
  4432 | D:5      | Entered Level 5 of the Dungeon
  4453 | D:5      | Found a glowing drain.
  4523 | Sewer    | Entered a sewer
  4634 | Sewer    | Your scales start taking on a pale cyan-grey colour.
  4634 | Sewer    | Reached XP level 7. HP: 45/57 MP: 2/12
  4634 | Sewer    | Gained mutation: You are immune to the effects of steam.
                  | [Pale Draconian growth]
  4766 | Sewer    | Noticed Pargi
  4770 | Sewer    | Killed Pargi
  4949 | D:5      | Reached skill level 5 in Fire Magic
  5038 | D:5      | Reached skill level 4 in Fighting
  5162 | D:5      | Reached XP level 8. HP: 62/66 MP: 9/14
  6670 | D:6      | Reached skill level 1 in Conjurations
  6674 | D:6      | Reached skill level 5 in Fighting
  6789 | D:6      | Reached skill level 5 in Spellcasting
  7003 | D:6      | Reached XP level 9. HP: 74/74 MP: 7/16
  7096 | D:6      | Found a staircase to the Ecumenical Temple.
  7137 | D:6      | Identified the +2 war axe of Slime {drain, rF+ Dex+4}
  7155 | Temple   | Entered the Ecumenical Temple
  7161 | Temple   | Became a worshipper of Vehumet
  7505 | D:6      | Found a burning altar of Makhleb.
  7937 | D:7      | Reached skill level 6 in Fighting
  8365 | D:7      | Reached * piety under Vehumet
  8365 | D:7      | Offered knowledge of Sandblast by Vehumet.
  8984 | D:8      | Noticed Jeremiah
  8986 | D:8      | Reached XP level 10. HP: 84/84 MP: 19/19
  9008 | D:8      | Killed Jeremiah
  9082 | D:8      | Reached skill level 7 in Fighting
  9306 | D:8      | Found a shimmering blue altar of Sif Muna.
  9373 | D:8      | Reached skill level 10 in Fire Magic
  9454 | D:8      | Found Feilot's General Store.
  9458 | D:8      | Noticed a two-headed ogre
  9464 | D:8      | Killed a two-headed ogre
  9846 | D:8      | Found a basalt altar of Yredelemnul.
  9994 | D:8      | Reached skill level 5 in Conjurations
 10273 | D:9      | Offered knowledge of Scorch by Vehumet.
 10275 | D:9      | Reached ** piety under Vehumet
 10486 | D:8      | Learned a level 2 spell: Scorch
 10493 | D:8      | Learned a level 6 spell: Starburst
 10732 | D:9      | Reached skill level 8 in Fighting
 10732 | D:9      | Reached skill level 1 in Air Magic
 10923 | D:9      | Offered knowledge of Volatile Blastmotes by Vehumet.
 11005 | D:9      | Found a staircase to the Orcish Mines.
 11362 | D:9      | Reached *** piety under Vehumet
 11716 | D:9      | Found a shadowy altar of Dithmenos.
 11768 | D:9      | Reached XP level 11. HP: 60/94 MP: 2/22
 11906 | D:9      | Found a snail-covered altar of Cheibriados.
 12051 | D:9      | Offered knowledge of Sticky Flame by Vehumet.
 12059 | D:9      | Learned a level 6 spell: Plasma Beam
 12606 | D:9      | Identified the +5 war axe "Beastbane" {freeze, rF+ Int+2}
 12672 | D:10     | Entered Level 10 of the Dungeon
 12696 | D:10     | Found an iron altar of Okawaru.
 13162 | D:10     | Reached **** piety under Vehumet
 13167 | D:10     | Offered knowledge of Flame Wave by Vehumet.
 13268 | D:10     | Learned a level 4 spell: Flame Wave
 13547 | D:11     | Noticed a two-headed ogre
 13551 | D:11     | Noticed a boulder beetle
 13552 | D:11     | Killed a two-headed ogre
 13553 | D:11     | Reached skill level 9 in Fighting
 13553 | D:11     | Reached skill level 5 in Air Magic
 14001 | D:11     | Killed a boulder beetle
 14199 | D:11     | Noticed an orc knight
 14200 | D:11     | Noticed a two-headed ogre
 14289 | D:11     | Killed a two-headed ogre
 14290 | D:11     | Killed an orc knight
 14291 | D:11     | Reached XP level 12. HP: 106/106 MP: 16/24
 14382 | D:11     | Found Joxkad's Magic Scroll Shoppe.
 14387 | D:11     | Bought a scroll of identify for 26 gold pieces
 14387 | D:11     | Bought a scroll of identify for 26 gold pieces
 14387 | D:11     | Bought a scroll of identify for 26 gold pieces
 14397 | D:11     | Found a staircase to the Lair.
 14429 | D:11     | Noticed a two-headed ogre
 14435 | D:11     | Killed a two-headed ogre
 14452 | D:11     | Noticed a two-headed ogre
 14454 | D:11     | Killed a two-headed ogre
 14564 | D:11     | Reached skill level 10 in Fighting
 14878 | Lair:1   | Entered Level 1 of the Lair of Beasts
 14968 | Lair:1   | Noticed Nergalle
 14978 | Lair:1   | Killed Nergalle
 14987 | Lair:1   | Reached ***** piety under Vehumet
 14987 | Lair:1   | Offered knowledge of Bombard by Vehumet.
 15455 | Lair:1   | Reached skill level 10 in Air Magic
 15486 | Lair:1   | Learned a level 6 spell: Bombard
 15501 | Lair:1   | Noticed Harold
 15518 | Lair:1   | Killed Harold
 15530 | Lair:1   | Reached skill level 1 in Earth Magic
 15811 | Lair:1   | Reached skill level 11 in Fighting
 16212 | Lair:2   | Reached XP level 13. HP: 116/116 MP: 24/26
 16611 | Lair:2   | Reached skill level 10 in Spellcasting
 17563 | Lair:3   | Found a hole to the Spider Nest.
 17614 | Lair:3   | Noticed Tollund's ghost (journeyman GnHs)
 17621 | Lair:3   | Found a transporter.
 17640 | Lair:3   | Found a transporter.
 17739 | Lair:3   | Reached skill level 12 in Fighting
 17789 | Lair:3   | Found a bloodstained altar of Trog.
 18128 | Lair:3   | Noticed a dire elephant
 18128 | Lair:3   | Noticed a dire elephant
 18148 | Lair:3   | Found a runed translucent door.
 18731 | Lair:4   | Reached skill level 5 in Earth Magic
 19181 | Lair:4   | Found a staircase to the Slime Pits.
 19182 | Lair:4   | Found a viscous altar of Jiyva.
 19526 | Lair:5   | Entered Level 5 of the Lair of Beasts
 19641 | Lair:5   | Reached XP level 14. HP: 127/127 MP: 20/29
 20082 | Lair:5   | Offered knowledge of Yara's Violent Unravelling by Vehumet.
 20083 | Lair:5   | Reached skill level 13 in Fighting
 20596 | Lair:5   | Found a runed translucent door.
 20596 | Lair:5   | Noticed Debricw's ghost (journeyman BaIE)
 21301 | Lair:5   | Reached skill level 10 in Conjurations
 21660 | Lair:5   | Identified the +1 robe of the Evil One {Int+2}
 21864 | Orc:1    | Entered Level 1 of the Orcish Mines
 22095 | Orc:1    | Noticed an orc warlord
 22100 | Orc:1    | Killed an orc warlord
 22189 | Orc:1    | Found Rofawk's Jewellery Shop.
 22363 | Orc:2    | Entered Level 2 of the Orcish Mines
 22374 | Orc:2    | Found a staircase to the Elven Halls.
 22393 | Orc:2    | Noticed Erolcha
 22401 | Orc:2    | Killed Erolcha
 22520 | Orc:2    | Reached ****** piety under Vehumet
 22577 | Orc:2    | Offered knowledge of Arcjolt by Vehumet.
 22597 | Orc:1    | Learned a level 5 spell: Arcjolt
 22669 | Orc:2    | Found Dearem's General Store.
 23078 | Orc:2    | Noticed Rupert
 23190 | Orc:1    | Bought a ring of willpower for 350 gold pieces
 23288 | Orc:2    | Killed Rupert
 23289 | Orc:2    | Reached XP level 15. HP: 126/137 MP: 2/31
 23817 | Orc:2    | Reached skill level 14 in Fighting
 23830 | Orc:2    | Noticed Saint Roka
 23838 | Orc:2    | Killed Saint Roka
 24415 | Orc:2    | Found Zeexte Umux's Distillery.
 24418 | Orc:2    | Found Qoid's General Store.
 24419 | Orc:2    | Found Ruenk's Assorted Antiques.
 24420 | Orc:2    | Found Inopreon's Assorted Antiques.
 24423 | Orc:2    | Bought a scroll of identify for 74 gold pieces
 24485 | Orc:2    | Upgraded the game from 0.32-a0-468-g38b2580584 to
                  | 0.32-a0-473-gd044c6f0f0
 24657 | D:4      | Bought a potion of haste for 120 gold pieces
 24657 | D:4      | Bought a potion of haste for 120 gold pieces
 24657 | D:4      | Bought a potion of heal wounds for 60 gold pieces
 24657 | D:4      | Bought a potion of haste for 120 gold pieces
 24657 | D:4      | Bought a potion of heal wounds for 60 gold pieces
 24743 | D:8      | Bought a potion of curing for 42 gold pieces
 24743 | D:8      | Bought a scroll of teleportation for 42 gold pieces
 24743 | D:8      | Bought a potion of heal wounds for 70 gold pieces
 24812 | D:11     | Bought a scroll of amnesia for 52 gold pieces
 24812 | D:11     | Bought a scroll of teleportation for 39 gold pieces
 24812 | D:11     | Bought a scroll of blinking for 97 gold pieces
 24812 | D:11     | Bought a scroll of teleportation for 39 gold pieces
 24977 | Orc:2    | Bought a potion of magic for 120 gold pieces
 24977 | Orc:2    | Bought a potion of haste for 150 gold pieces
 24977 | Orc:2    | Bought a potion of heal wounds for 75 gold pieces
 25240 | Orc:1    | Found a roughly hewn altar of Beogh.
 25428 | Orc:2    | Bought 3 scrolls of teleportation for 189 gold pieces
 25782 | D:12     | Found a large runed translucent door.
 25782 | D:12     | Found a large runed translucent door.
 25784 | D:12     | Noticed Hyahelamn's ghost (journeyman VSBr)
 25862 | D:12     | Found Paoskuag's Blood Bar.
 26154 | D:12     | Noticed Sonja
 26155 | D:12     | Killed Sonja
 26876 | D:13     | Noticed Lodul
 26878 | D:13     | Killed Lodul
 27019 | D:13     | Found a portal to a secret trove of treasure.
 27381 | D:14     | Noticed Kirke
 27385 | D:14     | Killed Kirke
 27388 | D:14     | Noticed Azrael
 27456 | D:14     | Offered knowledge of Fireball by Vehumet.
 27467 | D:14     | Learned a level 5 spell: Fireball
 27638 | D:14     | Noticed Jorgrun
 27650 | D:14     | HP: 3/139 [constriction (14)]
 27682 | D:14     | Killed Jorgrun
 27867 | D:14     | Noticed Frances
 27995 | D:14     | Killed Frances
 28093 | D:14     | Found a gate to the Vaults.
 28471 | D:14     | Identified a scroll of acquirement
 28521 | D:13     | Acquired a book of Spectacle
 28727 | D:14     | Killed Azrael
 29080 | D:15     | Entered Level 15 of the Dungeon
 29210 | D:15     | Reached XP level 16. HP: 147/147 MP: 15/34
 29418 | D:15     | Reached skill level 5 in Dodging
 29426 | D:15     | Noticed Louise
 29434 | D:15     | Killed Louise
 29514 | D:15     | Noticed Josephine
 29522 | D:15     | Killed Josephine
 29523 | D:15     | Reached skill level 15 in Fighting
 29933 | D:15     | Learned a level 8 spell: Maxwell's Capacitive Coupling
 29962 | D:15     | Found a staircase to the Depths.
 30405 | Shoals:1 | Entered Level 1 of the Shoals
 30412 | Shoals:1 | Reached skill level 10 in Earth Magic
 31109 | Shoals:1 | Offered knowledge of Lee's Rapid Deconstruction by Vehumet.
 32164 | Orc:2    | Bought a potion of enlightenment for 65 gold pieces
 32261 | Orc:2    | Bought a potion of enlightenment for 75 gold pieces
 32262 | Orc:2    | Bought a scroll of blinking for 157 gold pieces
 32808 | Shoals:2 | Noticed a kraken
 32873 | Shoals:2 | Killed a kraken
 32928 | Shoals:2 | Reached skill level 15 in Spellcasting
 34490 | Spider:1 | Entered Level 1 of the Spider Nest
 34757 | Elf:1    | Entered Level 1 of the Elven Halls
 34821 | Elf:1    | Reached XP level 17. HP: 157/157 MP: 11/36
 34834 | Elf:1    | Paralysed by an air elemental for 1 turns
 34871 | Elf:1    | Offered knowledge of Irradiate by Vehumet.
 35702 | Elf:1    | Got the Compilation of Trauma
 35869 | Elf:2    | Reached skill level 16 in Fighting
 36320 | Shoals:3 | Noticed a kraken
 36719 | Shoals:3 | Killed a kraken
 37180 | Shoals:3 | HP: 5/158 [merfolk/+0 trident (6)]
 37970 | Shoals:4 | Entered Level 4 of the Shoals
 37975 | Shoals:4 | Noticed a kraken
 37978 | Shoals:4 | Offered knowledge of Eringya's Noxious Bog by Vehumet.
 38041 | Shoals:4 | Killed a kraken
 38185 | Shoals:4 | Found the -2 hat of the Alchemist {rElec rPois rF+ rC+ rN+
                  | Will+ rMut rCorr}
 38218 | Shoals:4 | Identified the amulet "Zoyticlo" {Faith rC+ Stlth+}
 38222 | Shoals:4 | Identified the +4 rapier "Iharhax" {freeze, rC+ Will+ Str-2
                  | Int+2}
 38352 | Shoals:4 | Upgraded the game from 0.32-a0-473-gd044c6f0f0 to
                  | 0.32-a0-485-g70f7560b1c
 38958 | Shoals:4 | Reached XP level 18. HP: 168/168 MP: 20/38
 39349 | Shoals:4 | Got a barnacled rune of Zot
 39451 | Shoals:4 | Identified the ring "Ythroczot" {Fly rF++ rCorr Int+6
                  | Dex-2}
 39781 | Vaults:1 | Entered Level 1 of the Vaults
 40579 | Vaults:1 | Noticed Norris
 40583 | Vaults:1 | Killed Norris
 41030 | Vaults:1 | Noticed Asterion
 41036 | Vaults:1 | Killed Asterion
 41487 | Vaults:2 | Reached skill level 17 in Fighting
 41551 | Vaults:2 | Found a runed translucent gate.
 41551 | Vaults:2 | Found a runed translucent gate.
 41552 | Vaults:2 | Found a runed translucent gate.
 41554 | Vaults:2 | Noticed DimondSprtn's ghost (adept CoWr)
 42124 | Vaults:2 | Noticed Donald
 42126 | Vaults:2 | Killed Donald
 42631 | Vaults:2 | Identified the amulet "Peomatea" {Faith +Inv Str+3}
 42653 | Vaults:2 | Found a staircase to the Crypt.
 43250 | Vaults:3 | Found Xynokloe's Jewellery Shoppe.
 43268 | Vaults:3 | Found Qohunt's Armour Shoppe.
 43296 | Vaults:3 | Reached XP level 19. HP: 168/177 MP: 28/40
 43355 | Vaults:3 | Reached skill level 10 in Dodging
 43696 | Vaults:3 | Identified the +2 short sword of Havoc {venom, Str+5}
 43711 | Vaults:3 | Found a flickering gateway to a bazaar.
 43733 | Bazaar   | Entered a bazaar
 43753 | Bazaar   | Found Buocojud's Antique Weapon Shop.
 43805 | Bazaar   | Found Yreplev's Magic Scroll Shop.
 43848 | Bazaar   | Found Girchippe's Weapon Shop.
 43876 | Bazaar   | Found Deeg's Jewellery Boutique.
 43907 | Bazaar   | Bought a scroll of teleportation for 30 gold pieces
 43907 | Bazaar   | Bought a scroll of enchant weapon for 75 gold pieces
 43920 | Bazaar   | Bought a ring of magical power for 220 gold pieces
 43978 | Vaults:3 | Bought the +0 pair of boots "Lymued" {rPois rC+ Int+3} for
                  | 435 gold pieces
 44044 | Vaults:3 | You are sucked into a shaft and drop 1 floor!
 44064 | Vaults:3 | Found Dievecucw's Book Emporium.
 44264 | Vaults:3 | Noticed Mara
 44276 | Vaults:3 | Killed Mara
 44510 | Vaults:3 | Reached skill level 18 in Fighting
 44868 | Vaults:3 | Found a glowing silver altar of Zin.
 44919 | Vaults:3 | Found Yshredwua's Antique Armour Shop.
 46788 | Elf:2    | Found a runed translucent gate.
 46789 | Elf:2    | Found a runed translucent gate.
 46789 | Elf:2    | Found a runed translucent gate.
 47056 | Elf:2    | Learned a level 8 spell: Lehudib's Crystal Spear
 47218 | Elf:3    | Entered Level 3 of the Elven Halls
 47218 | Elf:3    | Identified the serpent talisman of Time Monsters {rF- rCorr
                  | Str+4}
 47218 | Elf:3    | Noticed Aizul
 47218 | Elf:3    | Found Kecy's Jewellery Shop.
 47223 | Elf:3    | Killed Aizul
 47305 | Elf:3    | Found Arhuipoj's Magic Scroll Shop.
 47481 | D:12     | Killed Hyahelamn's ghost
 48047 | Lair:5   | Identified the +8 war axe "Voejaif" {distort, *Slow rPois
                  | Will++ Int+2}
 48053 | Lair:5   | Identified the +0 chain mail of Avashyow {Harm}
 48131 | Lair:5   | Killed Debricw's ghost
 49090 | Elf:3    | Found Xaphaj's Distillery.
 49208 | Elf:3    | Found Xavvy's Antique Weapon Emporium.
 49222 | Elf:3    | Found Hujom's Distillery.
 49467 | Elf:3    | Found a runed translucent gate.
 49469 | Elf:3    | Found a runed translucent gate.
 49469 | Elf:3    | Found a runed translucent gate.
 49471 | Elf:3    | Noticed Xuahaunu's ghost (adept MfIE)
 49475 | Elf:3    | Found a viscous altar of Jiyva.
 49627 | Elf:3    | Identified the ring of Zialuonn {rElec rC- Dex+3 SInv}
 49631 | Elf:3    | Reached XP level 20. HP: 177/186 MP: 25/42
 49832 | Elf:3    | Offered knowledge of Fire Storm by Vehumet.
 49832 | Elf:3    | Offered knowledge of Shatter by Vehumet.
 49832 | Elf:3    | Offered knowledge of Ignition by Vehumet.
 49848 | Elf:3    | Learned a level 8 spell: Ignition
 50677 | Elf:3    | Reached skill level 19 in Fighting
 50760 | Elf:3    | Identified the +4 chain mail of the Hecatoncheires
                  | {*Corrode Dex+2 SInv Stlth+}
 50831 | Elf:3    | Identified the +3 flail "Draconian's Foe" {venom, Str+4
                  | Dex+3}
 50839 | Elf:3    | Identified the +3 robe "Suane" {^Contam rElec rPois rC++}
 50847 | Elf:3    | Identified the ring of Adyo {rElec rPois Str+3 Dex-2
                  | Slay+2}
 51161 | Elf:3    | Got the Catalogue of the Azure Pyre
 51219 | Elf:3    | Identified the +2 pair of gloves "Laroketa" {Stlth+}
 51262 | Elf:3    | Identified the +2 shortbow of Zeuthong {flame, Dex+7}
 52249 | Vaults:4 | Found Zudghymu's Magic Scroll Shop.
 52264 | Vaults:4 | Bought a scroll of fog for 72 gold pieces
 52264 | Vaults:4 | Bought a scroll of fog for 72 gold pieces
 52264 | Vaults:4 | Bought a scroll of noise for 18 gold pieces
 52264 | Vaults:4 | Bought a scroll of noise for 18 gold pieces
 56208 | Spider:3 | Noticed Nikola
 56213 | Spider:3 | Killed Nikola
 56214 | Spider:3 | Reached XP level 21. HP: 199/199 MP: 24/43
 57253 | Spider:3 | Identified the +4 great sword "Otarodgh" {drain, +Blink rN+
                  | Will- SInv}
 57827 | Orc:2    | Bought a scroll of revelation for 157 gold pieces
 57831 | Orc:2    | Bought a potion of brilliance for 60 gold pieces
 57831 | Orc:2    | Bought a potion of resistance for 150 gold pieces
 57831 | Orc:2    | Bought 2 potions of cancellation for 240 gold pieces
 57831 | Orc:2    | Bought a potion of might for 60 gold pieces
 57831 | Orc:2    | Bought a potion of brilliance for 60 gold pieces
 57835 | Orc:2    | Bought a scroll of noise for 13 gold pieces
 57837 | Orc:2    | Bought a potion of curing for 111 gold pieces
 57994 | Elf:3    | Bought 2 potions of resistance for 360 gold pieces
 57994 | Elf:3    | Bought a potion of might for 72 gold pieces
 57994 | Elf:3    | Bought 2 potions of attraction for 108 gold pieces
 57994 | Elf:3    | Bought a potion of haste for 180 gold pieces
 57994 | Elf:3    | Bought a potion of heal wounds for 90 gold pieces
 57994 | Elf:3    | Bought a potion of curing for 54 gold pieces
 57994 | Elf:3    | Bought a potion of might for 72 gold pieces
 58399 | Lair:3   | Killed Tollund's ghost
 58582 | Spider:4 | Entered Level 4 of the Spider Nest
 59477 | Spider:4 | Reached skill level 20 in Fighting
 60156 | Spider:4 | Got a gossamer rune of Zot
 60566 | Crypt:1  | Entered Level 1 of the Crypt
 61512 | Crypt:1  | Reached skill level 15 in Fire Magic
 61914 | Crypt:1  | You are sucked into a shaft and drop 1 floor!
 61916 | Crypt:2  | Reached skill level 15 in Earth Magic
 63230 | Crypt:3  | Entered Level 3 of the Crypt
 63244 | Crypt:2  | Learned a level 9 spell: Shatter
 63369 | Vaults:2 | Reached XP level 22. HP: 211/211 MP: 45/45
 63381 | Vaults:2 | Killed DimondSprtn's ghost
 63440 | Vaults:2 | Identified the +2 cloak "Moxtoh" {*Slow Regen+ Int+7 Dex+2}
 63723 | Crypt:3  | Identified the +2 robe of Darkness {rElec rF+ rC- Regen+}
 63723 | Crypt:3  | Noticed Boris
 63728 | Crypt:3  | Killed Boris
 63983 | Crypt:3  | Noticed a curse toe
 63992 | Crypt:3  | Killed a curse toe
 64195 | Crypt:3  | Noticed a curse toe
 64201 | Crypt:3  | Killed a curse toe
 64482 | Crypt:3  | Noticed a dread lich
 65207 | Crypt:3  | Found a staircase to the Tomb.
 65336 | Crypt:3  | Killed a dread lich
 65589 | Crypt:3  | Gained mutation: You sometimes lose your temper in combat.
                  | [mutagenic glow]
 65760 | Crypt:3  | Noticed a dread lich
 65761 | Crypt:3  | Noticed an ancient lich
 65764 | Crypt:3  | Killed a dread lich
 65771 | Crypt:3  | Killed an ancient lich
 65847 | Crypt:3  | Identified the +2 plate armour of Wiaqiod {rElec rN+
                  | Stlth+}
 65850 | Crypt:3  | Identified the ring "Bakanac" {rCorr Str+4 Int+6}
 65851 | Crypt:3  | Identified the +3 ring mail of Insecurity {Rampage}
 65855 | Crypt:3  | Got Gloorx Vloq's Collected Works on Nightshade
 66311 | Slime:1  | Entered Level 1 of the Pits of Slime
 67228 | Slime:4  | Reached skill level 21 in Fighting
 67428 | Slime:5  | Entered Level 5 of the Pits of Slime
 67570 | Slime:3  | Found a viscous altar of Jiyva.
 67819 | Slime:5  | Noticed the Royal Jelly
 68455 | Slime:5  | Killed the Royal Jelly
 68456 | Slime:5  | Reached XP level 23. HP: 220/220 MP: 30/46
 68576 | Slime:5  | Got a slimy rune of Zot
 68596 | Slime:5  | Got the Spellbook of the Resplendent Gargoyle
 68599 | Slime:5  | Identified the amulet of Ascent {Faith Str+5}
 68802 | Slime:5  | Got Sif Muna's Incunabulum of the Forest
 68823 | Slime:5  | Got the Catalogue of the Non-linear Gargoyle
 69246 | Slime:4  | Reached skill level 15 in Conjurations
 69716 | Elf:3    | Bought a scroll of amnesia for 56 gold pieces
 69716 | Elf:3    | Bought a scroll of teleportation for 42 gold pieces
 69716 | Elf:3    | Bought a scroll of amnesia for 56 gold pieces
 69728 | Elf:3    | Learned a level 9 spell: Fire Storm
 69785 | Elf:3    | Bought a potion of enlightenment for 65 gold pieces
 69785 | Elf:3    | Bought a potion of enlightenment for 65 gold pieces
 69785 | Elf:3    | Bought a potion of heal wounds for 65 gold pieces
 69785 | Elf:3    | Bought a potion of brilliance for 52 gold pieces
 69785 | Elf:3    | Bought a potion of attraction for 39 gold pieces
 69785 | Elf:3    | Bought 2 potions of magic for 208 gold pieces
 69785 | Elf:3    | Bought a potion of lignification for 39 gold pieces
 69785 | Elf:3    | Bought 2 potions of enlightenment for 130 gold pieces
 69832 | Elf:3    | Killed Xuahaunu's ghost
 69899 | Elf:3    | Identified the +2 pair of boots of Porghozo {Will+ Int-3
                  | SInv}
 70225 | Vaults:3 | Bought a shiny buckler for 225 gold pieces
 70335 | Depths:1 | Entered Level 1 of the Depths
 70519 | Depths:1 | Noticed an ancient lich
 70524 | Depths:1 | Killed an ancient lich
 70525 | Depths:1 | Noticed a dread lich
 70528 | Depths:1 | Killed a dread lich
 70679 | Depths:1 | Found a gateway to Hell.
 70749 | Depths:1 | Found a sparkling altar of Nemelex Xobeh.
 70781 | Depths:1 | Found a one-way gateway to a ziggurat.
 71184 | Depths:1 | Found a one-way gate leading to the halls of Pandemonium.
 71185 | Depths:1 | Found a shimmering blue altar of Sif Muna.
 71569 | Depths:2 | Found Quomaw's Assorted Antiques.
 73123 | Depths:3 | Found a white marble altar of Elyvilon.
 73184 | Depths:3 | Found a one-way gate to the infinite horrors of the Abyss.
 73213 | Depths:3 | Noticed a caustic shrike
 73222 | Depths:3 | Reached XP level 24. HP: 227/231 MP: 8/47
 73444 | Depths:3 | Reached skill level 22 in Fighting
 73501 | Depths:3 | Noticed a juggernaut
 73507 | Depths:3 | Killed a juggernaut
 74698 | Depths:3 | Learned a level 2 spell: Sublimation of Blood
 74699 | Depths:4 | Entered Level 4 of the Depths
 75166 | Depths:4 | Found a flickering gateway to a bazaar.
 75171 | Bazaar   | Entered a bazaar
 75187 | Bazaar   | Found Xeyloq's Antique Armour Shoppe.
 75188 | Bazaar   | Found Qosabb's Armour Shoppe.
 75227 | Bazaar   | Found Jaen's Distillery.
 75227 | Bazaar   | Found Xuorot's Book Emporium.
 75261 | Bazaar   | Bought a potion of curing for 36 gold pieces
 75261 | Bazaar   | Bought a potion of attraction for 36 gold pieces
 75261 | Bazaar   | Bought a potion of curing for 36 gold pieces
 75261 | Bazaar   | Bought a potion of curing for 36 gold pieces
 75261 | Bazaar   | Bought a potion of brilliance for 48 gold pieces
 75261 | Bazaar   | Bought a potion of haste for 120 gold pieces
 75261 | Bazaar   | Bought 2 potions of resistance for 240 gold pieces
 75261 | Bazaar   | Bought a potion of curing for 36 gold pieces
 75261 | Bazaar   | Bought a potion of heal wounds for 60 gold pieces
 75280 | Bazaar   | Bought a pair of glowing gloves for 120 gold pieces
 75473 | Depths:4 | Found a gate to the Realm of Zot.
 76293 | Depths:4 | Found a sparkling altar of Nemelex Xobeh.
 76565 | Vaults:5 | Entered Level 5 of the Vaults
 76725 | Vaults:5 | Noticed Mennas
 76727 | Vaults:5 | Identified the ring "Tavoppib" {rF++ SInv}
 76729 | Vaults:5 | Killed Mennas
 76730 | Vaults:5 | Reached XP level 25. HP: 187/240 MP: 46/48
 76730 | Vaults:5 | Noticed a dread lich
 76732 | Vaults:5 | Killed a dread lich
 76841 | Vaults:5 | Reached skill level 23 in Fighting
 77123 | Vaults:5 | Identified the +4 quick blade "Riehoh" {freeze, Str-3
                  | Dex+7}
 77140 | Vaults:5 | Got Dispater's Octavo of Gathered Blasts
 77159 | Vaults:5 | Got a silver rune of Zot
 77904 | Zot:1    | Entered Level 1 of the Realm of Zot
 78407 | Zot:1    | You are sucked into a shaft and drop 1 floor!
 78410 | Zot:2    | Reached skill level 15 in Dodging
 79802 | Zot:2    | Noticed Grunn
 79806 | Zot:2    | Killed Grunn
 80099 | Zot:2    | Reached skill level 1 in Shapeshifting
 80099 | Zot:2    | Reached XP level 26. HP: 240/251 MP: 46/48
 81037 | Zot:3    | Reached skill level 1 in Necromancy
 82367 | Zot:5    | Entered Level 5 of the Realm of Zot
 83029 | Zot:5    | Noticed an orb of fire
 83036 | Zot:5    | Killed an orb of fire
 83037 | Zot:5    | Reached skill level 24 in Fighting
 83382 | Zot:5    | Noticed an orb of fire
 83387 | Zot:5    | Killed an orb of fire
 83404 | Zot:5    | Noticed an orb of fire
 83408 | Zot:5    | Reached skill level 5 in Necromancy
 83439 | Zot:5    | Noticed an orb of fire
 83477 | Zot:5    | Gained mutation: You are weak. (Str -2) [an orb of fire]
 83479 | Zot:5    | Gained mutation: Your body sometimes deteriorates upon
                  | taking damage. [an orb of fire]
 83481 | Zot:5    | Noticed a dread lich
 83483 | Zot:5    | Gained mutation: You have an uncontrollable temper. [an orb
                  | of fire]
 83638 | Zot:5    | Killed a dread lich
 83748 | Zot:5    | Killed an orb of fire
 83803 | Zot:5    | Gained mutation: You occasionally shout uncontrollably at
                  | your foes. [mutagenic glow]
 83804 | Zot:5    | Killed an orb of fire
 83906 | Zot:5    | Lost mutation: You occasionally shout uncontrollably at
                  | your foes. [potion of mutation]
 83906 | Zot:5    | Lost mutation: Your body sometimes deteriorates upon taking
                  | damage. [potion of mutation]
 83906 | Zot:5    | Lost mutation: You have an uncontrollable temper. [potion
                  | of mutation]
 83906 | Zot:5    | Gained mutation: You occasionally lose the ability to read
                  | scrolls when taking damage. [potion of mutation]
 83906 | Zot:5    | Gained mutation: You are agile. (Dex +4, Str/Int -1)
                  | [potion of mutation]
 83907 | Zot:5    | Lost mutation: You are weak. (Str -2) [potion of mutation]
 83907 | Zot:5    | Lost mutation: You are agile. (Dex +4, Str/Int -1) [potion
                  | of mutation]
 83907 | Zot:5    | Gained mutation: Your magical capacity is low. (-10% MP)
                  | [potion of mutation]
 83907 | Zot:5    | Gained mutation: You have an uncontrollable temper. [potion
                  | of mutation]
 83907 | Zot:5    | Gained mutation: Your large and strong wings let you fly.
                  | [potion of mutation]
 83908 | Zot:5    | Lost mutation: Your magical capacity is low. (-10% MP)
                  | [potion of mutation]
 83908 | Zot:5    | Lost mutation: You occasionally lose the ability to read
                  | scrolls when taking damage. [potion of mutation]
 83908 | Zot:5    | Lost mutation: Your large and strong wings let you fly.
                  | [potion of mutation]
 83908 | Zot:5    | Gained mutation: Your mind is acute. (Int +4, Str/Dex -1)
                  | [potion of mutation]
 83908 | Zot:5    | Gained mutation: You have a pair of small horns on your
                  | head. [potion of mutation]
 84329 | Zot:5    | Identified the +1 whip of War {heavy, rC+ SInv}
 84653 | Zig:1    | Entered Level 1 of a ziggurat
 84771 | Zig:2    | Entered Level 2 of a ziggurat
 84786 | Zig:2    | Identified the +6 morningstar of Defiance {elec, +Blink
                  | Will+ MP+9}
 84798 | Zig:3    | Entered Level 3 of a ziggurat
 84801 | Zig:3    | Noticed a dread lich
 84804 | Zig:3    | Killed a dread lich
 84805 | Zig:3    | Reached XP level 27. HP: 264/264 MP: 34/49
 84828 | Zig:4    | Entered Level 4 of a ziggurat
 84830 | Zig:4    | Noticed an ancient lich
 84834 | Zig:4    | Killed an ancient lich
 84844 | Zig:4    | Got the Compendium of the Wispy Missiles
 84957 | Zig:5    | Entered Level 5 of a ziggurat
 84971 | Zig:5    | Identified the amulet of Irint {Acrobat Dex+2 Stlth+}
 84987 | Zig:5    | Identified the +0 leather armour "Maumeukh" {rElec Int+2}
 85093 | Zig:6    | Entered Level 6 of a ziggurat
 85117 | Zig:6    | Identified the -1 pair of boots of the Tomato {rElec rPois
                  | Will+}
 85122 | Zig:6    | Identified the +5 shortbow of Defence {antimagic, rN+}
 85131 | Zig:7    | Entered Level 7 of a ziggurat
 85136 | Zig:7    | Noticed a royal mummy
 85139 | Zig:7    | Killed a royal mummy
 85152 | Zig:7    | Identified the +0 robe of the Grand God {Harm +Inv rPois}
 85153 | Zig:7    | Identified the +0 great mace "Ycongoi" {spect, ^Contam
                  | Str+8}
 85155 | Zig:7    | Identified the ring of Sisuk {rN+ Str+2 Int+6}
 85157 | Zig:7    | Identified the +8 chain mail of Evolution {rN+ Int+3
                  | Stlth+}
 85162 | Zig:7    | Reached skill level 5 in Shapeshifting
 85334 | Zig:8    | Entered Level 8 of a ziggurat
 85343 | Zig:8    | Noticed Ocvugar the pandemonium lord
 85529 | Depths:3 | Voluntarily entered the Abyss.
 85535 | Abyss:2  | Found a corrupted altar of Lugonu.
 85546 | Abyss:2  | Found a corrupted altar of Lugonu.
 85549 | Abyss:2  | Found a corrupted altar of Lugonu.
 85559 | Abyss:2  | Found a corrupted altar of Lugonu.
 85791 | Abyss:2  | Noticed a dread lich
 86118 | Depths:3 | Escaped the Abyss
 86129 | Depths:3 | Voluntarily entered the Abyss.
 86158 | Abyss:2  | Found a corrupted altar of Lugonu.
 86229 | Abyss:2  | Reached skill level 25 in Fighting
 86327 | Abyss:2  | Found a corrupted altar of Lugonu.
 86345 | Abyss:3  | Found a corrupted altar of Lugonu.
 86685 | Abyss:4  | Noticed an ancient lich
 86688 | Abyss:4  | Got an abyssal rune of Zot
 86691 | Abyss:4  | Killed an ancient lich
 86701 | Depths:3 | Escaped the Abyss
 86992 | Zot:5    | Got the Orb of Zot
 87099 | Zot:4    | Noticed Woykk the pandemonium lord
 87104 | Zot:4    | Killed Woykk the pandemonium lord
 87647 | D:$      | Escaped with the Orb!

Illustrated notes

Levels and vault maps discovered:
D:1:      moated_graveyard_arrival, layout_loops_ring, grunt_decor_resistance,
          nrook_mini_backslash
D:2:      layout_basic, basic_altar, serial_corexii_hall,
          corexii_hall_statues_i, corexii_hall_statues_deadend, minivault_19
D:3:      layout_rooms, mainiacjoe_overflow_alcove_1,
          hellmonk_ecumenical_altar_slurped_away, chequers_serial_rivers_room_a,
          minmay_rat_hole
D:4:      corexii_shantytown, layout_basic, serial_shops, shop, minmay_cut_off
D:5:      layout_layer_cave, cheibrodos_sewer_entry_sluice,
          nicolae_zen_rock_garden, dreamdust_princess_corridor
D:6:      layout_basic, makhleb_heckhound_becter,
          minmay_temple_entry_junction_2, minmay_bent
D:7:      layout_loops_ring, serial_park_tiny_2, minmay_misc_feat_chi,
          serial_library_hellmonk_recessed_alcove, minmay_fractal_squares_5
D:8:      layout_loops_ring, old_standard_altar, mainiacjoe_overflow_brackets,
          serial_shops, shop, uniq_jeremiah
D:9:      layout_layer_cave, kennysheep_little_box, cheibriados_altar_2,
          zombieorc1_lemuel
D:10:     layout_roguey [special_room_bee], kennysheep_okawaru_gauntlet
D:11:     layout_roguey, hellmonk_lair_entry_icy, serial_shops, shop,
          hellmonk_guarded_unrand_dark_maul
D:12:     layout_loops_ring, ebering_ghost_disaster_area, guppyfry_shop_blood,
          uniq_sonja
D:13:     layout_irregular_city, enter_trove_1, kennysheep_flooded_box,
          uniq_lodul
D:14:     layout_long_grid, erik_vaults_1, serial_bayou_ford_a, uniq_jorgrun,
          uniq_kirke, uniq_frances, uniq_azrael
D:15:     hangedman_depths_entry_civil_slaughter, layout_irregular_city,
          grunt_decor_fettered, uniq_josephine, uniq_louise
Temple:   nicolae_temple_no_exploring_needed
Lair:1:   layout_regular_city, chequers_serial_rivers_micro_a,
          beast_lair_carwin_7, uniq_harold, uniq_nergalle
Lair:2:   layout_chaotic_city, nicolae_shoals_entry_flooding
Lair:3:   gammafunk_lair_enchanted_lake, layout_loops_ring, dummy_spider_entry,
          enter_volcano_2, gammafunk_ghost_wrathful_warriors
Lair:4:   layout_cave_pods, nicolae_slime_entry_slimehenge
Lair:5:   evilmike_catoblepas_cave, layout_regular_city,
          ebering_ghost_inner_flame, minmay_lindwurm_lava, grunt_megastairs_4,
          infiniplex_staircase_pool_2
Shoals:1: layout_shoals, st_sunken_temple
Shoals:2: layout_shoals
Shoals:3: layout_shoals, portal_ice_cave_entry_dragon
Shoals:4: shoals_end_simple, layout_shoals
Spider:1: layout_cave_pods
Spider:2: layout_chambers, nicolae_spider_swamp_cousins
Spider:3: nicolae_spider_mines_3, uniq_nikola
Spider:4: grunt_spider_rune_circles
Slime:1:  layout_caves
Slime:2:  layout_caves
Slime:3:  layout_caves, basic_altar
Slime:4:  layout_caves
Slime:5:  slime_pit_nicolae_amoeboid
Orc:1:    layout_diamond_mine, basic_altar, serial_shops,
          nicolae_shop_back_alley_shop
Orc:2:    st_orc_pillars, layout_caves, serial_shops, shop_statue,
          uniq_saint_roka, uniq_erolcha, uniq_rupert
Elf:1:    layout_rooms, minmay_elf_annihilation
Elf:2:    nicolae_elf_blades_crystal_corner, layout_gridlike,
          nicolae_elf_glass_and_crystal_pillar_2,
          hangedman_elven_crosses_minicolossus
Elf:3:    minmay_elf_hall_golems, layout_gridlike, gammafunk_ghost_ooze,
          serial_shops, shop, nicolae_shop_industrial_runoff, shop, shop, shop,
          chequers_big_river, uniq_aizul
Vaults:1: portal_desolation_entry_garden, nicolae_vaults_offset_grid_hallway_1,
          nicolae_vaults_six-pack, nicolae_vaults_network_quinsquares
          [nicolae_vaults_network_quincunx_subvault,
          nicolae_vaults_network_quincunx_subvault,
          nicolae_vaults_network_quincunx_subvault,
          nicolae_vaults_network_quincunx_subvault],
          nicolae_vaults_ring_of_whatevers, vaults_dpeg_doors,
          nicolae_vaults_diamond_2, nicolae_vaults_tetromino_L_2,
          hangedman_vaults_slice, v_misc_22, grunt_vaults_hallway_long,
          layout_vaults_chaotic_city, uniq_asterion, uniq_norris
Vaults:2: gammafunk_ghost_tricky_traps, v_misc_5, nicolae_vaults_tetromino_L_2,
          v_rooms_5, nicolae_vaults_more_shelving_1,
          nicolae_vaults_lightning_bolt, nicolae_vaults_apartment_1,
          nicolae_vaults_ninety_degrees, nicolae_vaults_variable_pillar_hall,
          blue_anna_dwarven_crypt, nicolae_vaults_tetromino_T_2,
          nicolae_vaults_sightless_eye, nicolae_vaults_octothorpe,
          nicolae_vaults_three_branches, layout_vaults_omnicross, uniq_donald
Vaults:3: nicolae_vaults_closet_pinwheel_6, v_misc_27,
          nicolae_vaults_crenellated_ambush, lemuel_angel_altar,
          nicolae_vaults_layer_cake_slice, ontoclasm_vaults_idyll,
          nicolae_vaults_trapezoid_lopsided_3, ontoclasm_vaults_hangar,
          nicolae_vaults_border_crossing, vaults_standard_mumra_x,
          nicolae_vaults_asterisk, grunt_vaults_twisty, nicolae_vaults_big_ls,
          layout_vaults_omnibox, serial_shops, bzr_entry_water, shop,
          nicolae_book_shop_shelving, nicolae_shop_getting_attention, shop,
          uniq_mara
Vaults:4: vaults_standard_mumra_enter_the_diamond,
          hangedman_vaults_corner_blocks, nicolae_vaults_bisected_exclaves,
          v_pattern_2, vaults_room_pool, vaults_dpeg_diagonal,
          hangedman_vaults_nails, nicolae_vaults_tetromino_T_2,
          nicolae_vaults_tetromino_L_1, layout_vaults_quadrants, serial_shops,
          shop
Vaults:5: uniq_mennas
Crypt:1:  layout_misc_corridors, grunt_megastairs_1
Crypt:2:  layout_regular_city, serial_glass, glass_columns_a, glass_columns_a,
          glass_columns_b, glass_columns_c
Crypt:3:  david_glass_crypt, layout_misc_corridors, tomb_entry_sphere_bobbens,
          serial_sigils_hangedman_confine, uniq_boris
Depths:1: minmay_crystal_thing, layout_cave_pools, enter_ziggurat_c, pan_entry,
          hell_entry, nemelex_xobeh_ov_fountains_minmay
Depths:2: kennysheep_green_arena, layout_cave_shapes, grunt_pan_entry_sceptre,
          grunt_hell_entry_dis_old, minmay_shop_star, serial_bayou_shore_b,
          uniq_josephina
Depths:3: minmay_crescents, layout_gridlike, nicolae_elyvilon_peaceful_grove,
          abyss_entry, grunt_hell_horde, infiniplex_staircase_split_hallway
Depths:4: evilmike_zot_entry_argh, layout_cave_pools, hell_entry,
          serial_library_hellmonk_long_bookcase, serial_shops, bzr_entry_road,
          corexii_leaking_fountain, roadster_trireme, serial_bayou_shore_b
Zot:1:    layout_gridlike, regret_index_zotdec_gossamer_parallel,
          grunt_megastairs_2
Zot:2:    layout_twisted_circle, grunt_megastairs_5, uniq_grunn
Zot:3:    layout_basic, bh_zot_ikea_curve, skrybe_zot_glass_2
Zot:4:    layout_cathedral_of_symmetry
Zot:5:    layout_misc_corridors

Skill      XL: |  1  2  3  4  5  6  7  8  9 10 11 12 13 14 15 16 17 18 19 20 21 22 23 24 25 26 27 |
---------------+----------------------------------------------------------------------------------+-----
Dodging        | 2 3 4 6 8 9 11 12 13 15 | 15.0
Fighting       | 1 2 3 4 5 6 8 9 11 12 13 14 15 16 17 18 19 20 21 22 23 24 25 | 25.7
Fire Magic     | 1 2 4 5 7 9 11 12 14 15 16 17 18 19 20 | 20.0
Spellcasting   | 3 4 5 6 7 8 9 11 12 14 15 16 17 18 19 20 21 22 23 | 23.4
Ice Magic      | 5 6 |  6.0
Conjurations   | 2 4 6 7 8 10 11 12 13 14 16 18 20 | 20.0
Air Magic      | 2 7 10 11 12 13 14 | 14.0
Earth Magic    | 1 6 8 9 10 11 13 15 17 18 19 20 | 20.0
Shapeshifting  | 1 2 5 |  5.2
Necromancy     | 6 8 |  8.0
Stealth        | |  1.7

Action                     |  1- 3 |  4- 6 |  7- 9 | 10-12 | 13-15 | 16-18 | 19-21 | 22-24 | 25-27 || total
---------------------------+-------+-------+-------+-------+-------+-------+-------+-------+-------++-------
  Melee: Unarmed           |     8 |       |       |       |       |       |       |       |       ||     8
         Dagger            |    15 |    75 |       |       |       |       |       |       |       ||    90
         Tailslap          |     2 |     6 |     6 |     2 |       |       |     3 |       |     1 ||    20
         Trident           |       |     6 |    61 |    26 |    13 |    25 |       |       |       ||   131
         Rapier            |       |       |       |       |       |       |     8 |       |       ||     8
         Morningstar       |       |       |       |       |       |       |       |       |     4 ||     4
         Headbutt          |       |       |       |       |       |       |       |       |     2 ||     2
   Cast: Freeze            |    58 |    51 |    54 |    50 |     4 |       |       |       |       ||   217
         Frozen Ramparts   |     1 |    16 |    28 |    21 |     2 |       |       |       |       ||    68
         Foxfire           |       |       |    68 |   102 |     2 |       |       |     1 |       ||   173
         Scorch            |       |       |       |    76 |       |       |       |       |       ||    76
         Starburst         |       |       |       |    23 |    47 |    13 |       |       |       ||    83
         Plasma Beam       |       |       |       |    84 |   444 |   556 |   721 |   304 |    35 ||  2144
         Flame Wave        |       |       |       |     1 |       |       |     1 |       |       ||     2
         Bombard           |       |       |       |       |    13 |    19 |    37 |     1 |     1 ||    71
         Arcjolt           |       |       |       |       |    11 |    19 |     2 |       |       ||    32
         Fireball          |       |       |       |       |     1 |    26 |     5 |       |       ||    32
         Maxwell's Capacit |       |       |       |       |       |       |     8 |     5 |     6 ||    19
         Ignition          |       |       |       |       |       |       |    64 |    99 |    27 ||   190
         Lehudib's Crystal |       |       |       |       |       |       |    33 |   149 |   234 ||   416
         Shatter           |       |       |       |       |       |       |     1 |    50 |    64 ||   115
         Fire Storm        |       |       |       |       |       |       |       |    30 |   137 ||   167
         Sublimation of Bl |       |       |       |       |       |       |       |       |     9 ||     9
Ability: Breathe Steam     |       |       |     6 |     7 |     4 |     6 |     4 |     1 |     1 ||    29
         Begin Untransform |       |       |       |       |       |       |     1 |       |       ||     1
  Evoke: Wand              |       |       |       |     5 |     3 |     6 |     2 |     2 |       ||    18
         Lightning rod     |       |       |       |       |       |     6 |     3 |     1 |       ||    10
    Use: Scroll            |       |       |     7 |     8 |    20 |    13 |    13 |     3 |    23 ||    87
         Potion            |       |       |       |     1 |     4 |     3 |     2 |     5 |    13 ||    28
   Stab: Sleeping          |     2 |     5 |     1 |       |       |       |       |       |       ||     8
         Distracted        |       |       |       |       |       |       |       |       |     1 ||     1
 Armour: Skin              |    30 |    68 |    86 |   133 |   114 |   249 |   275 |   178 |   244 ||  1377
  Dodge: Dodged            |    46 |    65 |    58 |    94 |   107 |   149 |   125 |    88 |   171 ||   903
   Form: Dragon            |       |       |       |       |       |       |     1 |       |       ||     1

Table legend: (Time is in decaauts)
 A = Elapsed time spent in this place.
 B = Non-inter-level travel time spent in this place.
 C = Inter-level travel time spent in this place.
 D = Time resting spent in this place.
 E = Time spent auto-exploring this place.
 F = Levels seen in this place.
 G = Mean time per level.
                   A        B        C        D        E       F      G
               +--------+--------+--------+--------+--------+-----+--------+
         Total |  88204 |  78168 |  10036 |  21192 |  43164 |  72 | 1225.1 |
       Dungeon |  21900 |  19099 |   2801 |   3442 |  12833 |  15 | 1460.0 |
        Temple |     12 |      3 |      9 |      0 |      0 |   1 |   12.0 |
          Lair |   8984 |   7570 |   1414 |   2161 |   4352 |   5 | 1796.8 |
        Shoals |   7106 |   6654 |    452 |   2774 |   2951 |   4 | 1776.5 |
   Spider Nest |   6332 |   5673 |    659 |   1373 |   3446 |   4 | 1583.0 |
    Slime Pits |   3126 |   2820 |    306 |    869 |   1481 |   5 |  625.2 |
  Orcish Mines |   3796 |   2527 |   1269 |    523 |   1224 |   2 | 1898.0 |
   Elven Halls |   6626 |   5945 |    681 |   2110 |   2501 |   3 | 2208.7 |
        Vaults |   8919 |   7947 |    972 |   1736 |   5024 |   5 | 1783.8 |
         Crypt |   5315 |   5069 |    246 |   2075 |   2000 |   3 | 1771.7 |
        Depths |   6324 |   5848 |    476 |   1191 |   3527 |   4 | 1581.0 |
           Zot |   7157 |   6410 |    747 |   1859 |   3400 |   5 | 1431.4 |
         Abyss |   1168 |   1168 |      0 |    508 |      8 |   5 |  233.6 |
      Ziggurat |    714 |    714 |      0 |    477 |     19 |   8 |   89.2 |
        Bazaar |    313 |    313 |      0 |      0 |    219 |   2 |  156.5 |
         Sewer |    404 |    404 |      0 |     90 |    179 |   1 |  404.0 |
               +--------+--------+--------+--------+--------+-----+--------+

Top non-repeatable levels by time:
   Elf:3: 3204 daAuts
   Orc:2: 2860 daAuts
     D:9: 2799 daAuts
Vaults:2: 2509 daAuts
Shoals:2: 2472 daAuts
 Crypt:3: 2257 daAuts
   Zot:5: 2228 daAuts
    D:14: 2021 daAuts
Vaults:3: 2010 daAuts
  Lair:3: 1960 daAuts
Depths:3: 1889 daAuts
  Lair:1: 1873 daAuts
  Lair:5: 1858 daAuts
   Elf:2: 1855 daAuts
Spider:3: 1846 daAuts
